Map: Acid Plant LE

Players

Vlign - Winner!

  • Race: Terran Terran
  • League: Diamond
  • Spawn Location: 5:00

SpanishStud

  • Race: Terran Terran
  • League: Diamond
  • Spawn Location: 11:00

VOD

Have the link to the VOD?

Description

Time

  • Played on: May 21, 2018, 1:06 a.m.
  • Length: 11:39
Show
View Real Time Build Order
Export as new Build Order

Vlign Terran - Winner!

Build Orders: Mech 

Get SALT Encoding   

  12  0:01  SCV  
  13  0:13  SCV  
  14  0:22  Supply Depot  
  14  0:25  SCV  
  15  0:29  Refinery  
  15  0:44  SCV  
  15  0:48  Barracks  
  16  0:56  SCV  
  17  1:08  SCV  
  18  1:23  SCV  
  19  1:36  Factory  
  19  1:38  Orbital Command  
  19  1:43  Marine  
  19  1:44  Supply Depot  
  20  2:01  Reaper  
  21  2:04  SCV  
  22  2:11  Refinery  
  22  2:17  SCV  
  22  2:20  Hellion  
  25  2:29  Command Center  
  25  2:31  SCV  
  26  2:37  Reaper  
  27  2:55  Factory Reactor  
  27  2:57  SCV  
  28  2:59  Starport  
  28  3:09  SCV  
  29  3:21  SCV  
  30  3:34  SCV  
  29  3:41  Cyclone x2  
  29  3:43  Starport Tech Lab  
  29  3:45  Orbital Command  
  29  3:47  SCV  
  36  3:51  Barracks Tech Lab  
  36  3:52  Refinery  
  36  3:59  SCV  
  37  4:06  Supply Depot  
  37  4:11  SCV  
  37  4:14  Hellion x2, Marine  
  46  4:19  Banshee  
  46  4:20  Cloaking Field  
  46  4:28  SCV x2  
  46  4:30  Supply Depot  
  48  4:32  Supply Depot  
  48  4:35  Engineering Bay  
  48  4:49  SCV  
  47  4:55  Hellion x2  
  51  5:00  Factory  
  51  5:06  Banshee, Factory  
  54  5:09  SCV  
  54  5:10  SCV  
  56  5:14  Missile Turret  
  56  5:21  SCV  
  56  5:25  Missile Turret  
  56  5:28  SCV  
  58  5:34  SCV  
  59  5:36  Hellion x2  
  63  5:53  SCV x2  
  65  6:12  SCV  
  65  6:13  SCV, Siege Tank  
  65  6:17  Hellion  
  69  6:20  Supply Depot  
  69  6:41  Medivac  
  69  6:42  Siege Tank, Hellion  
  76  6:50  Supply Depot  
  76  7:09  Siege Tank  
  76  7:11  Medivac  
  81  7:17  SCV  
  79  7:24  Missile Turret  
  79  7:29  Siege Tank  
  82  7:32  Cyclone  
  82  7:33  Cyclone  
  88  7:38  Command Center  
  88  7:39  SCV x2  
  90  7:47  Command Center  
  91  7:51  SCV  
  84  8:32  Siege Tank  
  83  8:41  Hellion x2, Siege Tank  
  83  8:43  Starport Reactor  
  86  8:49  Starport  
  86  8:51  Starport  
  80  8:57  Command Center  
  80  9:06  Siege Tank, Hellion x2  
  85  9:15  Command Center  
  80  9:33  Starport Tech Lab  
  78  9:39  Starport Tech Lab  
  78  9:44  SCV x2  
  78  9:45  Refinery  
  80  9:47  Refinery  
  80  9:53  Planetary Fortress  
  80  9:56  SCV x2  
  80  9:57  Siege Tank  
  80  9:58  Siege Tank  
  88  10:00  Viking x2  
  88  10:01  Refinery  
  88  10:03  Hellion  
  88  10:04  Hellion  
  96  10:08  SCV x2  
  96  10:12  Missile Turret  
  98  10:16  Refinery  
  98  10:20  SCV x2, Planetary Fortress  
  100  10:25  Hellion  
  102  10:31  Siege Tank  
  102  10:32  SCV x2, Hellion x2  
  102  10:35  Medivac  
  113  10:39  Armory  
  113  10:42  SCV x2  
  115  10:44  SCV x2  
  117  10:54  SCV x2  
  117  10:56  SCV  
  120  11:13  Refinery  
Show
View Real Time Build Order
Export as new Build Order

SpanishStud Terran 

Build Orders: Reaper Expand, MMM Bio 

Get SALT Encoding   

  12  0:00  SCV  
  13  0:15  Supply Depot  
  13  0:17  SCV  
  14  0:29  SCV  
  14  0:30  Refinery  
  15  0:41  Barracks  
  15  0:45  SCV  
  16  0:57  SCV  
  17  1:09  SCV  
  18  1:21  SCV  
  18  1:24  Refinery  
  19  1:27  Reaper  
  19  1:31  Supply Depot  
  20  1:34  Orbital Command  
  20  2:05  Command Center  
  20  2:10  Marine  
  20  2:14  SCV  
  22  2:26  SCV  
  22  2:27  Marine  
  24  2:34  Factory  
  24  2:38  SCV  
  24  2:52  Marine  
  25  2:59  SCV  
  25  3:04  Bunker  
  26  3:10  Marine  
  27  3:18  Factory Tech Lab  
  27  3:23  Barracks  
  26  3:28  Marine  
  27  3:43  Orbital Command  
  27  3:44  Siege Tank  
  27  3:47  Marine  
  31  3:51  SCV  
  32  3:59  Barracks  
  32  4:03  Engineering Bay  
  32  4:05  SCV  
  33  4:10  SCV  
  33  4:15  Barracks Reactor  
  34  4:18  Starport  
  34  4:19  SCV, Barracks Tech Lab  
  35  4:25  SCV  
  35  4:28  Siege Tank  
  39  4:32  SCV  
  39  4:37  SCV  
  41  4:39  Stimpack  
  41  4:44  SCV  
  42  4:48  Barracks  
  42  4:50  SCV  
  43  4:56  Supply Depot  
  43  4:57  Supply Depot, Terran Infantry Weapons Level 1  
  43  4:58  Starport Reactor  
  43  5:06  Barracks  
  43  5:10  Barracks Tech Lab  
  45  5:14  Barracks Reactor  
  45  5:21  Medivac x2  
  45  5:22  SCV x2  
  45  5:25  Refinery  
  45  5:26  Refinery  
  45  5:28  Marauder  
  51  5:31  Marauder  
  51  5:34  Combat Shields  
  53  5:37  SCV  
  54  5:43  Barracks Reactor  
  44  6:40  Missile Turret  
  40  6:54  Marine  
  40  6:55  Marine x3  
  40  7:00  Siege Tank  
  44  7:10  Missile Turret  
  43  7:23  SCV x2  
  45  7:35  SCV x2, Siege Tank  
  45  7:36  Marine  
  50  7:37  Marine x2  
  50  7:38  Barracks Reactor  
  50  7:40  Barracks  
  53  7:48  Marine  
  53  7:49  Marauder x2  
  58  7:52  SCV x2  
  60  8:04  SCV  
  36  8:49  Marine  
  36  8:50  Marine x3  
  35  9:06  SCV  
  35  9:07  SCV  
  33  9:19  SCV, Marine x6  
  40  9:26  Medivac x2, Barracks Reactor  
  42  9:43  Marine x5  
  42  9:44  Marine x2  
  42  9:45  Marine  
  50  9:48  SCV x2  
  52  10:00  SCV  
  52  10:04  Marine x5  
  58  10:29  Marine  
  58  10:30  Marine x3  
  62  10:59  Supply Depot  
  62  11:00  Supply Depot  
  62  11:04  Supply Depot  
  62  11:05  Supply Depot  
  62  11:07  Supply Depot  
  62  11:20  Marine  
  62  11:21  SCV x2, Marine  
Tags
 
Composition
MMM BioMech
Matchup
TvT
Race
Terran
Replay Pack
replaypack1
Spawn Locations
Cross Positions
Add a new tag
Caveats
  • Supply blocks, unpowered buildings, or Contaminate may cause inaccurate times.
  • Supply counts are checked every 10 seconds.